 Dungeon Crawl Stone Soup version 0.29.1-13-g9f3cf754e1 (webtiles) character file.

Game seed: 6546584557905601334

1026 Peloso the Slasher (level 8, -5/69 HPs)
             Began as a Minotaur Fighter on Jan 21, 2023.
             Was a Follower of Okawaru.
             Killed from afar by a steam dragon (10 damage)
             ... with a ball of steam
             ... on level 7 of the Dungeon.
             The game lasted 00:11:15 (7881 turns).

Peloso the Slasher (Minotaur Fighter)               Turns: 7881, Time: 00:11:15

Health: -5/69      AC: 13    Str: 20    XL:     8   Next: 2%
Magic:  7/7        EV:  8    Int:  5    God:    Okawaru [*.....]
Gold:   412        SH:  5    Dex: 13    Spells: 7/7 levels left

rFire   . . .      SeeInvis .   a - +0 long sword
rCold   . . .      Faith    .   c - +0 buckler
rNeg    . . .      Spirit   .   m - +0 chain mail
rPois   .          Reflect  .   (helmet restricted)
rElec   .          Harm     .   (no cloak)
rCorr   .          Rampage  .   (no gloves)
Will    .....                   k - +2 pair of boots
Stlth   ..........              (no amulet)
HPRegen 0.21/turn               (no ring)
MPRegen 0.10/turn               (no ring)

@: no status effects
A: horns 2, retaliatory headbutt
a: Renounce Religion, Heroism


You were on level 7 of the Dungeon.
You worshipped Okawaru.
Okawaru was aware of your devotion.
You visited 2 branches of the dungeon, and saw 8 of its levels.
You also visited: Sewer.

You collected 412 gold pieces.

Inventory:

Hand Weapons
 a - a +0 long sword (weapon)
Armour
 b - a +0 scale mail
 c - a +0 buckler (worn)
 k - a +2 pair of boots (worn)
 m - a +0 chain mail (worn)
Jewellery
 g - a +6 ring of dexterity
 h - a +4 ring of protection
 v - a ring of protection from cold
Wands
 n - a wand of iceblast (16)
 r - a wand of paralysis (14)
Scrolls
 i - a scroll of immolation
 l - 2 scrolls of enchant armour
 p - a scroll of magic mapping
 q - a scroll of fog
 y - 3 scrolls of enchant weapon {unknown}
 z - a scroll of noise {unknown}
 A - a scroll of identify
Potions
 d - 2 potions of might
 e - 4 potions of curing
 f - 5 potions of haste
 j - 3 potions of flight
 s - 2 potions of invisibility
 t - a potion of cancellation
 u - 2 potions of degeneration {unknown}
 w - a potion of ambrosia {unknown}
 x - 2 potions of lignification {unknown}
 B - a potion of mutation {unknown}


   Skills:
 + Level 5.5 Fighting
 + Level 7.7 Long Blades
 + Level 6.7 Armour
 + Level 1.6 Dodging
 + Level 0.4 Stealth
 + Level 5.1 Shields


You had 7 spell levels left.
You didn't know any spells.
Your spell library contained the following spells:

 Spells                   Type           Power      Damage    Failure   Level
 Apportation              Tloc           0%         N/A       99%         1
 Necrotise                Necr           0%         1d4       99%         1
 Sandblast                Erth           0%         2d4       99%         1
 Ensorcelled Hibernation  Hex/Ice        0%         N/A       100%        2
 Passwall                 Tmut/Erth      0%         N/A       100%        2
 Portal Projectile        Hex/Tloc       0%         N/A       100%        3
 Stone Arrow              Conj/Erth      0%         3d7       100%        3
 Swiftness                Air            0%         N/A       100%        3
 Vampiric Draining        Necr           0%         2d6       100%        3
 Agony                    Necr           0%         N/A       100%        5
 Alistair's Intoxication  Tmut/Pois      0%         N/A       100%        5
 Blade Hands              Tmut           0%         N/A       100%        5
 Tukima's Dance           Hex            Unusable   N/A       N/A         3

Dungeon Overview and Level Annotations

Branches:
Dungeon (7/15)             Temple (1/1) D:5           Sewer (visited)

Altars:
Hepliaklqana
Makhleb
Okawaru
Ru
Sif Muna
Trog
Uskayaw
Wu Jian
Xom
Zin

Shops:
D:4 [


Innate Abilities, Weirdness & Mutations

You have a pair of horns on your head.
You reflexively headbutt those who attack you in melee.


Message History

Magic restored.
HP restored.
e - 4 potions of curing (gained 1)
You now have 412 gold pieces (gained 20).
A steam dragon comes into view.
The steam dragon hisses angrily.
A steam dragon is nearby!
Found a potion of might.
The steam dragon bites you! The steam dragon barely misses you.
You see here 15 gold pieces.
You hit the steam dragon. You headbutt the steam dragon!
The steam dragon is moderately wounded.
The steam dragon bites you. The steam dragon claws you.
You barely miss the steam dragon. You headbutt the steam dragon.
The steam dragon is heavily wounded.
The steam dragon breathes steam at you. The ball of steam hits you!
You hear a croak.
You hear an angry growl.
You hit the steam dragon.
The steam dragon is severely wounded.
You are engulfed in a cloud of scalding steam.
The steam dragon bites you but does no damage.
The steam dragon claws you.
You hit the steam dragon but do no damage.
The steam dragon is severely wounded.
You are engulfed in a cloud of scalding steam.
The steam dragon barely misses you. The steam dragon completely misses you.
You closely miss the steam dragon. Your headbutt misses the steam dragon.
The steam dragon is severely wounded.
You are engulfed in a cloud of scalding steam.
A bullfrog comes into view.
The steam dragon breathes steam at you. The ball of steam hits you!!
* * * LOW HITPOINT WARNING * * *
Okay, then.
You barely miss the steam dragon.
The steam dragon is severely wounded.
The steam dragon breathes steam at you. The ball of steam hits you!
You die...

...............#.......
.........<.<.........#
.....................#
.....................#
.....####............#
#.... ........§..§...#
#<.. ###..#..§......#
#.## #..#..§......#
#..##..@......# ...
###D........ #.......##
#...PPP.P ....P.P.P
#...PFP.P #......
#...PPP.


You could see a steam dragon (catching breath) and a bullfrog.

Vanquished Creatures
  2 water moccasins
  An ogre (D:6)
  A centaur (D:6)
  A bullfrog (D:6)
  3 scorpions
  A hound (D:6)
  2 orc priests (D:6)
  An iguana (D:5)
  4 orc wizards
  A river rat (D:3)
  7 adders
  A white imp (D:7)
  3 ufetubi
  2 worms (D:5)
  2 dart slugs
  8 orcs
  5 endoplasms
  9 giant cockroaches
  7 hobgoblins
  6 jackals
  4 quokkas
  8 ball pythons
  11 bats
  A frilled lizard (D:2)
  8 goblins
  10 kobolds
  10 rats
119 creatures vanquished.

Notes
Turn   | Place    | Note
-------+----------+-------------------------------------------
     0 | D:1      | Peloso the Minotaur Fighter began the quest for the Orb.
     0 | D:1      | Reached XP level 1. HP: 19/19 MP: 0/0
   334 | D:1      | Reached XP level 2. HP: 27/27 MP: 1/1
  1078 | D:1      | Found a faded altar of an unknown god.
  1305 | D:2      | Reached skill level 3 in Long Blades
  1305 | D:2      | Reached XP level 3. HP: 33/33 MP: 2/2
  1845 | D:2      | Reached XP level 4. HP: 40/40 MP: 3/3
  2533 | D:3      | Found a shimmering blue altar of Sif Muna.
  2561 | D:3      | Found a glowing drain.
  2573 | Sewer    | Entered a sewer
  2600 | Sewer    | Noticed a water moccasin
  2619 | Sewer    | Killed a water moccasin
  2620 | Sewer    | Reached skill level 4 in Long Blades
  2620 | Sewer    | Reached skill level 5 in Armour
  2620 | Sewer    | Reached skill level 1 in Dodging
  2620 | Sewer    | Reached XP level 5. HP: 15/47 MP: 4/4
  3664 | D:3      | Found a hazy altar of Hepliaklqana.
  4019 | D:4      | Reached skill level 5 in Long Blades
  4019 | D:4      | Reached XP level 6. HP: 42/53 MP: 5/5
  4140 | D:4      | Found Ycour's Armour Boutique.
  4938 | D:5      | Entered Level 5 of the Dungeon
  5026 | D:5      | Noticed a +0 short sword
  5028 | D:5      | Noticed a +0 spear
  5029 | D:5      | Noticed a +0 falchion
  5030 | D:5      | Noticed a +0 spear
  5030 | D:5      | Noticed a +0 dagger
  5031 | D:5      | Noticed a +0 dagger
  5033 | D:5      | Noticed a +0 short sword
  5034 | D:5      | Noticed a +0 falchion
  5035 | D:5      | Found a hide-covered altar of Uskayaw.
  5344 | D:5      | Found a staircase to the Ecumenical Temple.
  5790 | D:5      | Noticed a moth of wrath
  5792 | D:5      | Found a bloodstained altar of Trog.
  6325 | Temple   | Entered the Ecumenical Temple
  6371 | Temple   | Became a worshipper of Warmaster Okawaru
  6509 | D:6      | Reached skill level 6 in Long Blades
  6512 | D:6      | Found a shimmering altar of Xom.
  6590 | D:6      | Reached XP level 7. HP: 41/60 MP: 6/6
  7023 | D:6      | Reached skill level 5 in Fighting
  7023 | D:6      | Reached skill level 7 in Long Blades
  7317 | D:6      | Identified the +3 long sword of the Sea {drain, rPois
                  | Dex+2}
  7607 | D:6      | Reached skill level 5 in Shields
  7612 | D:6      | Reached * piety under Okawaru
  7772 | D:7      | Reached XP level 8. HP: 49/69 MP: 4/7
  7881 | D:7      | Killed from afar by a steam dragon

Illustrated notes

Levels and vault maps discovered:
D:1:      wander_arrival_abandoned_jail, layout_basic,
          hellmonk_ecumenical_altar_inner_sanctum, serial_corexii_hall,
          corexii_hall_statues_u, chequers_hall_statues_wall_a,
          chequers_hall_statues_corner_a, chequers_hall_statues_wall_a,
          chequers_hall_statues_wall_a, chequers_hall_statues_wall_a,
          minmay_heptomino_d4
D:2:      kennysheep_big_flooded_room, layout_loops_corners,
          wad_floor_pattern_untrapped
D:3:      layout_basic, lemuel_round_altar, worldfamousw_hep_ancestral_shrine,
          portal_sewer_entry_b, hangedman_decor_lopped,
          minmay_tree_intersection, minmay_fractal_squares_5
D:4:      layout_basic, serial_shops, nicolae_shop_window_shopping
D:5:      layout_layer_cave, nicolae_uskayaw_en_pointe, tgw_trog,
          minmay_temple_entry_trees, corner_web_ring
D:6:      layout_basic, xom_teletrap_fun, chequers_serial_rivers_micro_a
D:7:      minmay_inner_zag, layout_rooms, serial_shops, shop, minmay_hedge_maze
Temple:   nicolae_temple_superstar

Skill      XL: |  1  2  3  4  5  6  7 |
---------------+----------------------+-----
Shields        | 4 5 |  5.1
Armour         | 4 5 6 |  6.7
Fighting       | 4 5 |  5.5
Long Blades    | 3 4 5 6 7 |  7.7
Dodging        | 1 |  1.6
Stealth        | |  0.4

Action                   |  1- 3 |  4- 6 |  7- 9 || total
-------------------------+-------+-------+-------++-------
Melee: Long sword        |    75 |   207 |    55 ||   337
       Headbutt          |    13 |    31 |    13 ||    57
Invok: Heroism           |       |       |     1 ||     1
  Use: Scroll            |     4 |    12 |       ||    16
       Potion            |       |     2 |     3 ||     5
Armor: Scale mail        |    31 |     3 |       ||    34
       Chain mail        |       |   155 |    40 ||   195
Dodge: Dodged            |    31 |    67 |    25 ||   123
Block: Buckler           |    17 |    65 |    20 ||   102
